[Event "Friday Night Double Round Robin 3m+1s Starts at 2200hrs ST NO LATE JOINS POSS"]
[Site "Infinity Chess"]
[Date "2018.1.20"]
[Round "19"]
[White "ocirema"]
[Black "PAKtech"]
[Result "1/2-1/2"]
[ECO "C65"]
[WhiteElo "2470"]
[BlackElo "2448"]
[WhiteEngine "stockfish_18011309_x64_modern_CTG"]
[BlackEngine "Raubfisch ME262_GTZ16b3._CTG"]
[EventType "Round Robin"]
[WhiteTeam ""]
[BlackTeam ""]
[PlyCount "92"]
[TimeControl "180+1"]

1. e4 e5 2. Nf3 Nc6 3. Bb5 Nf6 4. O-O Nxe4 5. d4 Nd6 6. Bxc6 dxc6 7. dxe5 Nf5 
8. Qxd8+ Kxd8 9. Rd1+ Ke8 10. Nc3 Ne7 11. Bf4 Ng6 12. Bg3 Be7 13. Nd4 h5 
14. e6 fxe6 15. Nf3 e5 16. Nxe5 Nxe5 17. Bxe5 Kf7 18. Bxc7 Bf5 19. Rd2 Rhe8 
20. Ne2 Bg5 21. f4 Bf6 22. Ng3 Bxb2 23. Rad1 Bg4 24. Rb1 Ba3 25. h3 Be6 
26. Rxb7 Re7 27. Ne4 Bd5 28. Rd3 Bc1 29. Ng5+ Kg6 30. c4 Rxc7 31. Rxc7 Bxf4 
32. Rb7 Bxc4 33. Rc3 Bxa2 34. Rxc6+ Kxg5 35. Rb5+ Kh4 36. Rb4 g5 37. Rc3 a5 
38. g3+ Kxh3 39. gxf4+ Kg4 40. Ra4 Bf7 41. fxg5+ Kxg5 42. Rc5+ Kh6 
43. Rcxa5 Rxa5 44. Rxa5 Bg6 45. Kf2 Bc2 46. Kf3 Kg6 1/2-1/2

[Event "Friday Night Double Round Robin 3m+1s Starts at 2200hrs ST NO LATE JOINS POSS"]
[Site "Infinity Chess"]
[Date "2018.1.20"]
[Round "19"]
[White "sg13040"]
[Black "tris77"]
[Result "1/2-1/2"]
[ECO "B90"]
[WhiteElo "2455"]
[BlackElo "2447"]
[WhiteEngine "asmFishW_2018-01-14_popcnt"]
[BlackEngine "Raubfisch X37b_CTG"]
[EventType "Round Robin"]
[WhiteTeam ""]
[BlackTeam ""]
[PlyCount "113"]
[TimeControl "180+1"]

1. e4 c5 2. Nf3 d6 3. d4 cxd4 4. Nxd4 Nf6 5. Nc3 a6 6. Be3 e5 7. Nf3 Be7 
8. Bc4 O-O 9. O-O Be6 10. Bxe6 fxe6 11. Na4 Ng4 12. Qd3 b5 13. Nb6 Ra7 
14. Nd5 Nxe3 15. Qxe3 Rb7 16. Nxe7+ Qxe7 17. Rad1 Nd7 18. Rd2 Rc8 19. Rfd1 Rc6 
20. c3 a5 21. Ne1 Nf6 22. Nc2 b4 23. cxb4 Qc7 24. Qd3 axb4 25. Ne3 b3 26. a3 Qb6 
27. h3 h5 28. Kh2 Rd7 29. Re1 Rc8 30. Rdd1 Rc5 31. Kh1 Kh7 32. Nc4 Qb5 
33. Nxd6 Qxd3 34. Rxd3 Rc2 35. f4 exf4 36. e5 Nd5 37. Rxb3 g5 38. g3 h4 
39. gxh4 gxh4 40. Ne4 Rg7 41. Rg1 Rxg1+ 42. Kxg1 Kg6 43. a4 Rc4 44. Nd6 Rxa4 
45. Rb8 Ra1+ 46. Kf2 Rb1 47. Re8 Rxb2+ 48. Kf3 Kg5 49. Rxe6 Rh2 50. Ke4 Nc3+ 
51. Kd4 Rxh3 52. Nf7+ Kg4 53. Rg6+ Kf5 54. Rf6+ Kg4 55. Rg6+ Kf5 56. Rf6+ Kg4 
57. Rg6+ 1/2-1/2

[Event "Friday Night Double Round Robin 3m+1s Starts at 2200hrs ST NO LATE JOINS POSS"]
[Site "Infinity Chess"]
[Date "2018.1.20"]
[Round "19"]
[White "star99"]
[Black "Dovahkiin"]
[Result "1/2-1/2"]
[ECO "D31"]
[WhiteElo "2458"]
[BlackElo "2441"]
[WhiteEngine "Cryptic AIL V1"]
[BlackEngine "corchess_x64_modern_CTG"]
[EventType "Round Robin"]
[WhiteTeam ""]
[BlackTeam ""]
[PlyCount "74"]
[TimeControl "180+1"]

1. d4 d5 2. c4 e6 3. Nc3 c6 4. e4 dxe4 5. Nxe4 Bb4+ 6. Bd2 Qxd4 7. Bxb4 Qxe4+ 
8. Be2 Na6 9. Ba5 b6 10. Qd6 Bd7 11. Bc3 f6 12. O-O-O O-O-O 13. Qa3 Kb7 
14. Bf3 Qf4+ 15. Rd2 Qc7 16. Ne2 e5 17. Rhd1 Nh6 18. b4 Nb8 19. b5 Bg4 
20. bxc6+ Nxc6 21. Bxc6+ Kxc6 22. h3 Rxd2 23. Rxd2 Bc8 24. Bxe5 Qxe5 
25. Qxa7 Nf5 26. g4 Bb7 27. Qa4+ Kc7 28. Qd7+ Kb8 29. Qxf5 Qxf5 30. gxf5 Rc8 
31. Rd7 Rxc4+ 32. Kd2 Ra4 33. Rxg7 Rxa2+ 34. Ke3 Ra3+ 35. Kd2 Ra2+ 36. Ke3 Ra3+ 
37. Kd2 Ra2+ 1/2-1/2

[Event "Friday Night Double Round Robin 3m+1s Starts at 2200hrs ST NO LATE JOINS POSS"]
[Site "Infinity Chess"]
[Date "2018.1.20"]
[Round "19"]
[White "KULLANI"]
[Black "OlivierEvan"]
[Result "0-1 "]
[ECO "B30"]
[WhiteElo "2464"]
[BlackElo "2391"]
[WhiteEngine "BrainFish_180113_x64_CTG"]
[BlackEngine "Houdini 6"]
[EventType "Round Robin"]
[WhiteTeam ""]
[BlackTeam ""]
[PlyCount "168"]
[TimeControl "180+1"]

1. e4 c5 2. Nf3 Nc6 3. Nc3 e5 4. Bc4 Be7 5. d3 d6 6. Nd2 Nf6 7. Nf1 Bg4 
8. f3 Be6 9. Ne3 O-O 10. O-O h6 11. Ncd5 Nb4 12. Nxf6+ Bxf6 13. c3 Nc6 
14. g3 Rb8 15. a4 Qd7 16. Bd2 Kh8 17. Bd5 Ne7 18. Bc4 g5 19. Bxe6 fxe6 
20. Kg2 Bg7 21. Rh1 Ng6 22. b4 cxb4 23. cxb4 a6 24. Rb1 b5 25. Ng4 d5 
26. a5 Rbd8 27. Be3 d4 28. Bd2 Kh7 29. Rc1 Rc8 30. Rxc8 Qxc8 31. Rf1 Rf7 
32. Kh3 Rc7 33. Kg2 Rc2 34. Rf2 Qc7 35. Qb1 Kg8 36. Qb3 Kf7 37. Qb1 Ke8 
38. Kf1 Rc6 39. Re2 Kd7 40. Qb3 Rc2 41. Ke1 Nh8 42. Kd1 Rc6 43. Re1 Qc8 
44. Ke2 Nf7 45. Rb1 Rc2 46. Kd1 Rc7 47. Ke2 Rc6 48. Rb2 Qh8 49. Nf2 Bf8 
50. Rb1 Rc8 51. Kf1 Nd8 52. Ng4 Nc6 53. Kg2 Be7 54. Rf1 h5 55. Nf2 Rf8 
56. g4 Qf6 57. Qd1 h4 58. Nh3 Bxb4 59. Bxg5 Qh8 60. Qa1 Be7 61. Bd2 Rb8 
62. Rc1 b4 63. g5 Rb5 64. Qa4 Qd8 65. Qb3 Qxa5 66. Rxc6 Kxc6 67. Qxe6+ Bd6 
68. Nf2 Qc7 69. Nd1 h3+ 70. Kg3 b3 71. Nb2 Qd7 72. Qg8 Kc7 73. Kf2 Qd8 
74. Qh7+ Qe7 75. Qh6 Rb7 76. g6 Rb8 77. Bg5 Qe6 78. Qh7+ Kc6 79. Qa7 Qc8 
80. g7 Qb7 81. Qxb7+ Kxb7 82. Bf6 Rg8 83. f4 Kc6 84. f5 Kd7 0-1

[Event "Friday Night Double Round Robin 3m+1s Starts at 2200hrs ST NO LATE JOINS POSS"]
[Site "Infinity Chess"]
[Date "2018.1.20"]
[Round "18"]
[White "KULLANI"]
[Black "star99"]
[Result "1/2-1/2"]
[ECO "B90"]
[WhiteElo "2464"]
[BlackElo "2458"]
[WhiteEngine "BrainFish_180113_x64_CTG"]
[BlackEngine "Cryptic AIL V1"]
[EventType "Round Robin"]
[WhiteTeam ""]
[BlackTeam ""]
[PlyCount "108"]
[TimeControl "180+1"]

1. e4 c5 2. Nf3 d6 3. d4 cxd4 4. Nxd4 Nf6 5. Nc3 a6 6. Be3 e5 7. Nb3 Be7 
8. Be2 Be6 9. Qd3 Nc6 10. a3 Rc8 11. Nd5 O-O 12. O-O Nd7 13. Qd2 h6 14. Rad1 Bg5 
15. Bxg5 Qxg5 16. Qxg5 hxg5 17. h3 Rfd8 18. Bg4 Nf6 19. Bxe6 fxe6 20. Nb6 Rc7 
21. f3 Kf7 22. Rd2 Nd7 23. Nc4 Ke7 24. Rfd1 b5 25. Nxd6 Nb6 26. Nc5 Nd4 
27. Ndb7 Nc4 28. Nxd8 Rxc5 29. c3 Nxd2 30. cxd4 Rc2 31. Nc6+ Rxc6 32. Rxd2 exd4 
33. Rxd4 Rc1+ 34. Kh2 Rc2 35. Rb4 Kd6 36. Rb3 Kc5 37. Rd3 Rxb2 38. Rd7 Ra2 
39. Rxg7 Rxa3 40. Rxg5+ Kc4 41. h4 b4 42. h5 Rd3 43. Rg8 b3 44. Rc8+ Kb4 
45. g4 Rd7 46. Rb8+ Kc4 47. h6 a5 48. g5 Rh7 49. Kg3 a4 50. Rc8+ Kd3 
51. Rd8+ Kc2 52. Rc8+ Kd3 53. Rb8 Kc4 54. Rc8+ Kd3 1/2-1/2

[Event "Friday Night Double Round Robin 3m+1s Starts at 2200hrs ST NO LATE JOINS POSS"]
[Site "Infinity Chess"]
[Date "2018.1.20"]
[Round "18"]
[White "Dovahkiin"]
[Black "sg13040"]
[Result "1/2-1/2"]
[ECO ""]
[WhiteElo "2440"]
[BlackElo "2463"]
[WhiteEngine "corchess_x64_modern_CTG"]
[BlackEngine "asmFishW_2018-01-14_popcnt"]
[EventType "Round Robin"]
[WhiteTeam ""]
[BlackTeam ""]
[PlyCount "108"]
[TimeControl "180+1"]

1. e3 d5 2. d3 e5 3. d4 Nd7 4. dxe5 Nxe5 5. Nd2 c6 6. Ngf3 Nxf3+ 7. Nxf3 Nf6 
8. c4 Ne4 9. a3 Be6 10. Qc2 Qa5+ 11. Nd2 Bb4 12. cxd5 Bxd2+ 13. Bxd2 Qxd5 
14. Bb4 a5 15. Bd3 Nxf2 16. Kxf2 axb4 17. axb4 Ke7 18. Qc3 Rhd8 19. Rxa8 Rxa8 
20. b5 c5 21. Be2 Qg5 22. Bf3 Ra4 23. b6 Qh4+ 24. g3 Qc4 25. Bxb7 Rb4 
26. Qxc4 Bxc4 27. Rc1 Kd6 28. Bf3 Rxb2+ 29. Ke1 Ba6 30. Rd1+ Ke7 31. Rc1 c4 
32. b7 Kd6 33. Rd1+ Kc7 34. Rc1 Rb3 35. Kf2 Rb2+ 36. Ke1 Rb3 37. Kf2 c3 
38. Bd5 Rb2+ 39. Kg1 Kd6 40. Bxf7 Rxb7 41. Bg8 Rc7 42. Bxh7 Kd5 43. Kf2 Kc4 
44. Bg8+ Kd3 45. Bb3 c2 46. Rxc2 Rxc2+ 47. Bxc2+ Kxc2 48. e4 Kc3 49. Ke3 g6 
50. e5 Bc4 51. e6 Bxe6 52. Kf4 Bb3 53. Kg5 Bc2 54. Kf6 Kc4 1/2-1/2

[Event "Friday Night Double Round Robin 3m+1s Starts at 2200hrs ST NO LATE JOINS POSS"]
[Site "Infinity Chess"]
[Date "2018.1.20"]
[Round "18"]
[White "tris77"]
[Black "ocirema"]
[Result "1/2-1/2"]
[ECO "B90"]
[WhiteElo "2446"]
[BlackElo "2471"]
[WhiteEngine "Raubfisch X37b_CTG"]
[BlackEngine "stockfish_18011309_x64_modern_CTG"]
[EventType "Round Robin"]
[WhiteTeam ""]
[BlackTeam ""]
[PlyCount "81"]
[TimeControl "180+1"]

1. e4 c5 2. Nf3 d6 3. d4 cxd4 4. Nxd4 Nf6 5. Nc3 a6 6. Be3 e5 7. Nb3 Be6 
8. f3 Be7 9. Qd2 Nbd7 10. g4 O-O 11. O-O-O b5 12. g5 Nh5 13. Nd5 Bxd5 
14. exd5 f6 15. gxf6 Bxf6 16. Na5 Qe8 17. Qb4 Bd8 18. Nb7 Rxf3 19. Nxd6 Qe7 
20. Bd2 Rf4 21. Bxf4 Nxf4 22. Qa3 b4 23. Qxb4 Bb6 24. c3 Bc5 25. Qb7 Rb8 
26. Nf5 Qf7 27. Nh6+ gxh6 28. Qxa6 Qf5 29. Bd3 e4 30. Bc2 Kh8 31. Kb1 Qe5 
32. Ka1 Nxd5 33. Qc6 Ne3 34. Rxd7 Nxc2+ 35. Kb1 Na3+ 36. Ka1 e3 37. Qd5 Nc2+ 
38. Kb1 Na3+ 39. Ka1 Nc2+ 40. Kb1 Na3+ 41. Ka1 1/2-1/2

[Event "Friday Night Double Round Robin 3m+1s Starts at 2200hrs ST NO LATE JOINS POSS"]
[Site "Infinity Chess"]
[Date "2018.1.20"]
[Round "18"]
[White "xeonrocks"]
[Black "BraveDevil"]
[Result "1-0 "]
[ECO "B90"]
[WhiteElo "2533"]
[BlackElo "2441"]
[WhiteEngine "asmFishW_CTG"]
[BlackEngine "Cryptic AIL V1"]
[EventType "Round Robin"]
[WhiteTeam ""]
[BlackTeam ""]
[PlyCount "195"]
[TimeControl "180+1"]

1. e4 c5 2. Nf3 d6 3. d4 cxd4 4. Nxd4 Nf6 5. Nc3 a6 6. Be3 e5 7. Nf3 Be7 
8. Bc4 O-O 9. O-O Be6 10. Bxe6 fxe6 11. Na4 Ng4 12. Qd3 b5 13. Nb6 Ra7 
14. Nd5 Nxe3 15. Qxe3 Rb7 16. Qd2 Nd7 17. Rad1 Bh4 18. Nxh4 Qxh4 19. f3 Rc8 
20. b3 Nc5 21. Ne3 Qg5 22. h4 Qf4 23. Qf2 Rb6 24. c4 Qf7 25. Rd2 b4 26. Nd1 a5 
27. Nb2 Ra6 28. Nd3 Nd7 29. Qe3 Qe7 30. g3 h6 31. Kg2 Rf8 32. Rfd1 Rf7 
33. Rc1 Rc6 34. Qa7 Qd8 35. Rcd1 Rf8 36. a3 bxa3 37. Ra1 Rc8 38. Rxa3 Nb8 
39. Qxa5 Qf6 40. Rf2 Nc6 41. Qe1 Nd4 42. Qe3 g5 43. h5 Qg7 44. Ra6 Rfd8 
45. Ra3 Rf8 46. Ra6 Qc7 47. Qd2 Rf6 48. c5 dxc5 49. Qa5 g4 50. Qxc7 Rxc7 
51. fxg4 Rxf2+ 52. Nxf2 Nxb3 53. Rxe6 c4 54. Rg6+ Kf8 55. g5 hxg5 56. h6 Nd4 
57. Ng4 Rh7 58. Nxe5 c3 59. Rd6 c2 60. Nd3 Nb3 61. Rc6 Kg8 62. Rc8+ Kf7 
63. Rxc2 Rxh6 64. Rb2 Nd4 65. Ne5+ Ke7 66. Rb7+ Ke8 67. Nf3 Ne6 68. Rb8+ Ke7 
69. Rb7+ Ke8 70. Rb5 g4 71. Ne5 Rh5 72. Rb8+ Ke7 73. Rb7+ Kf8 74. Nd7+ Kf7 
75. Nc5+ Kf6 76. Nxe6 Kxe6 77. Rg7 Ra5 78. Rxg4 Ra2+ 79. Kf3 Kf6 80. Rg8 Ra1 
81. Rf8+ Kg6 82. Rb8 Kf6 83. Rb6+ Ke5 84. Rb5+ Kf6 85. Kf4 Rf1+ 86. Kg4 Rg1 
87. e5+ Ke6 88. Kf4 Rf1+ 89. Kg5 Rf8 90. Rb6+ Kxe5 91. g4 Rg8+ 92. Kh5 Rh8+ 
93. Rh6 Rb8 94. g5 Rb1 95. Rf6 Re1 96. Kh6 Ra1 97. Rb6 Rg1 98. g6 1-0

[Event "Friday Night Double Round Robin 3m+1s Starts at 2200hrs ST NO LATE JOINS POSS"]
[Site "Infinity Chess"]
[Date "2018.1.20"]
[Round "18"]
[White "Gilgamesch"]
[Black "MGR"]
[Result "1/2-1/2"]
[ECO "C11"]
[WhiteElo "2561"]
[BlackElo "2535"]
[WhiteEngine "BrainFish_171005_x64_bmi2"]
[BlackEngine "asmFishW_2017-11-19_bmi2"]
[EventType "Round Robin"]
[WhiteTeam ""]
[BlackTeam ""]
[PlyCount "90"]
[TimeControl "180+1"]

1. e4 e6 2. d4 d5 3. Nc3 Nf6 4. e5 Nfd7 5. f4 c5 6. Nf3 Nc6 7. Be3 cxd4 
8. Nxd4 Qb6 9. a3 Bc5 10. Na4 Qa5+ 11. Nc3 Qb6 12. Na4 Qa5+ 13. c3 Bxd4 
14. Bxd4 Nxd4 15. Qxd4 b6 16. Qb4 Qxb4 17. axb4 Ke7 18. Bb5 Bb7 19. Kd2 f6 
20. Rhf1 Rhf8 21. Rae1 fxe5 22. Bxd7 Kxd7 23. Rxe5 Bc6 24. b3 Bxa4 25. bxa4 a5 
26. bxa5 Rxa5 27. f5 exf5 28. Rexf5 Rxf5 29. Rxf5 Ke6 30. Rg5 g6 31. Rg4 b5 
32. axb5 Rxb5 33. Rb4 Ra5 34. Rb2 Kf5 35. Kd3 Ke5 36. Rb7 Ra2 37. Rxh7 Rxg2 
38. Rh8 Kf4 39. Rf8+ Kg4 40. Rd8 Rxh2 41. Rxd5 Rb2 42. c4 Rb1 43. Rd4+ Kg3 
44. c5 Rd1+ 45. Kc4 Rb1 1/2-1/2

[Event "Friday Night Double Round Robin 3m+1s Starts at 2200hrs ST NO LATE JOINS POSS"]
[Site "Infinity Chess"]
[Date "2018.1.20"]
[Round "18"]
[White "OlivierEvan"]
[Black "Victorious"]
[Result "0-1"]
[ECO "C34"]
[WhiteElo "2402"]
[BlackElo "2537"]
[WhiteEngine "Houdini 6"]
[BlackEngine "BugChess2.41_Release"]
[EventType "Round Robin"]
[WhiteTeam ""]
[BlackTeam ""]
[PlyCount "172"]
[TimeControl "180+1"]

1. e4 e5 2. f4 exf4 3. Nf3 Nf6 4. e5 Nh5 5. Qe2 Be7 6. d4 O-O 7. Bd2 d5 
8. Nc3 c5 9. O-O-O Nc6 10. dxc5 Bg4 11. Qb5 Rb8 12. Be2 d4 13. Na4 Qc8 
14. Be1 Rd8 15. Bf2 b6 16. cxb6 Nb4 17. c3 Nxa2+ 18. Kb1 Nxc3+ 19. bxc3 Bd7 
20. Qc4 Bxa4 21. Qxa4 Rxb6+ 22. Ka2 Rd5 23. Nxd4 Rxe5 24. Bd3 Nf6 25. Rb1 Nd5 
26. Rhc1 Nxc3+ 27. Rxc3 Qxc3 28. Rxb6 Ra5 29. Rb8+ Bf8 30. Qxa5 Qxa5+ 31. Kb1 g6 
32. Nf3 Qc7 33. Rb2 a5 34. Rc2 Qb7+ 35. Rb2 Qc8 36. Rc2 Qb7+ 37. Rb2 Qc8 
38. Rc2 Qd7 39. Bc4 Bg7 40. Kc1 a4 41. Bc5 Bf6 42. Ne1 Kg7 43. Nd3 Qf5 
44. Kb1 Qh5 45. g3 fxg3 46. hxg3 Qg4 47. Bf2 h5 48. Ka2 Qd1 49. Rc1 Qd2+ 
50. Kb1 g5 51. Bc5 Qg2 52. Bf2 Qf3 53. Ka2 h4 54. gxh4 gxh4 55. Rg1+ Kh7 
56. Ka3 h3 57. Rg3 Be7+ 58. Kxa4 Qa8+ 59. Kb3 h2 60. Rh3+ Kg8 61. Rxh2 Qb8+ 
62. Kc3 Qxh2 63. Bd4 Qc7 64. Nc1 Qa5+ 65. Kd3 Bb4 66. Kc2 Qa4+ 67. Nb3 Qc6 
68. Kd3 Qg6+ 69. Ke3 Qc2 70. Bd5 Qf5 71. Bc4 Qc2 72. Bd5 Be7 73. Be5 Bg5+ 
74. Kd4 Qf2+ 75. Kc4 Qe2+ 76. Kd4 Qe3+ 77. Kc4 Qxe5 78. Nd4 Qf4 79. Kd3 Qf1+ 
80. Kc2 Bf6 81. Nf3 Qe2+ 82. Kb3 Qd3+ 83. Ka4 Qxd5 84. Ne1 Be7 85. Nc2 Qc4+ 
86. Nb4 Qxb4# 0-1

[Event "Friday Night Double Round Robin 3m+1s Starts at 2200hrs ST NO LATE JOINS POSS"]
[Site "Infinity Chess"]
[Date "2018.1.20"]
[Round "17"]
[White "Victorious"]
[Black "Gilgamesch"]
[Result "1/2-1/2"]
[ECO "C50"]
[WhiteElo "2536"]
[BlackElo "2562"]
[WhiteEngine "BugChess2.41_Release"]
[BlackEngine "BrainFish_171005_x64_bmi2"]
[EventType "Round Robin"]
[WhiteTeam ""]
[BlackTeam ""]
[PlyCount "110"]
[TimeControl "180+1"]

1. e4 e5 2. Nf3 Nc6 3. Bc4 Bc5 4. O-O Nf6 5. d3 d6 6. a4 a5 7. Re1 Be6 
8. Bxe6 fxe6 9. c3 Qd7 10. Na3 O-O 11. Qb3 h6 12. Be3 Bxe3 13. Rxe3 Rf7 
14. Nc4 b6 15. d4 exd4 16. Nxd4 e5 17. Nxc6 Qxc6 18. f3 Rb8 19. Ree1 Nh5 
20. Kh1 Qe8 21. Qb5 Qc8 22. Qc6 Kh7 23. Ne3 Nf4 24. b4 Rf8 25. Red1 Ne6 
26. Kg1 Qd8 27. Nd5 Ra8 28. Kh1 Qc8 29. Ne3 Rb8 30. Rg1 Nf4 31. Rgf1 Ne6 
32. Rfe1 Ra8 33. Nd5 Rf7 34. Reb1 Rb8 35. Ne3 Ra8 36. Qc4 Qe8 37. Qb5 Qc8 
38. Qd5 h5 39. Qc4 Rf8 40. Nd5 Qd7 41. Qb5 Qxb5 42. axb5 axb4 43. cxb4 Rxa1 
44. Rxa1 g5 45. h3 g4 46. hxg4 hxg4 47. fxg4 Kh6 48. Kh2 Kg5 49. Ra3 Kxg4 
50. Rg3+ Kh5 51. Rh3+ Kg5 52. Rg3+ Kh6 53. Rh3+ Kg5 54. Rg3+ Kh6 55. Rh3+ Kg5 
1/2-1/2

[Event "Friday Night Double Round Robin 3m+1s Starts at 2200hrs ST NO LATE JOINS POSS"]
[Site "Infinity Chess"]
[Date "2018.1.20"]
[Round "17"]
[White "MGR"]
[Black "xeonrocks"]
[Result "1/2-1/2"]
[ECO "C55"]
[WhiteElo "2535"]
[BlackElo "2533"]
[WhiteEngine "asmFishW_2017-11-19_bmi2"]
[BlackEngine "asmFishW_CTG"]
[EventType "Round Robin"]
[WhiteTeam ""]
[BlackTeam ""]
[PlyCount "129"]
[TimeControl "180+1"]

1. e4 e5 2. Nf3 Nc6 3. Bc4 Nf6 4. d3 Bc5 5. O-O a5 6. Bg5 h6 7. Bh4 d6 
8. Nbd2 g5 9. Bg3 Ba7 10. c3 O-O 11. Bb3 Be6 12. a4 Kg7 13. Nc4 Qd7 14. Re1 Rae8 
15. h3 g4 16. hxg4 Bxg4 17. Ne3 Bxe3 18. Rxe3 Nh5 19. Qd2 Nxg3 20. fxg3 f5 
21. Rf1 fxe4 22. Rxe4 Ne7 23. d4 Ng6 24. Re3 e4 25. Nh2 Rxf1+ 26. Nxf1 Qf5 
27. c4 Nf8 28. Re1 Qg5 29. Ne3 Be6 30. d5 Bd7 31. Qxa5 Qxg3 32. Bc2 Kg8 
33. Nf1 Qg7 34. Qxc7 e3 35. Qb6 Bh3 36. Re2 Bxg2 37. Rxg2 Qxg2+ 38. Kxg2 e2 
39. Qxd6 e1=Q 40. Qg3+ Qxg3+ 41. Nxg3 Re1 42. Bf5 Rc1 43. b3 Rc3 44. Ne4 Rxb3 
45. c5 Kf7 46. a5 Ra3 47. Nd6+ Kf6 48. c6 bxc6 49. dxc6 Rxa5 50. c7 Ra2+ 
51. Kf3 Ra3+ 52. Kf4 Ra8 53. c8=Q Rxc8 54. Nxc8 Ng6+ 55. Bxg6 Kxg6 56. Ne7+ Kh7 
57. Nd5 h5 58. Nf6+ Kg6 59. Nd7 h4 60. Nc5 Kh5 61. Nd7 h3 62. Nf6+ Kg6 
63. Ne4 h2 64. Ng3 h1=Q 65. Nxh1 1/2-1/2

[Event "Friday Night Double Round Robin 3m+1s Starts at 2200hrs ST NO LATE JOINS POSS"]
[Site "Infinity Chess"]
[Date "2018.1.20"]
[Round "17"]
[White "BraveDevil"]
[Black "PAKtech"]
[Result "1/2-1/2"]
[ECO "D31"]
[WhiteElo "2441"]
[BlackElo "2446"]
[WhiteEngine "Cryptic AIL V1"]
[BlackEngine "Raubfisch ME262_GTZ16b3._CTG"]
[EventType "Round Robin"]
[WhiteTeam ""]
[BlackTeam ""]
[PlyCount "52"]
[TimeControl "180+1"]

1. d4 d5 2. c4 e6 3. Nc3 c6 4. e4 dxe4 5. Nxe4 Bb4+ 6. Bd2 Qxd4 7. Bxb4 Qxe4+ 
8. Be2 Na6 9. Ba5 b6 10. Qd6 Bd7 11. Bc3 f6 12. O-O-O O-O-O 13. Qa3 Kb7 
14. Bf3 Qf4+ 15. Rd2 Qc7 16. Ne2 e5 17. Ng3 Nh6 18. Rhd1 Bg4 19. Bxg4 Nxg4 
20. Ne4 Rxd2 21. Rxd2 Rd8 22. h3 Nh6 23. Nd6+ Kb8 24. Ne4 Kb7 25. Nd6+ Kb8 
26. Ne4 Kb7 1/2-1/2

[Event "Friday Night Double Round Robin 3m+1s Starts at 2200hrs ST NO LATE JOINS POSS"]
[Site "Infinity Chess"]
[Date "2018.1.20"]
[Round "17"]
[White "RonWeasley"]
[Black "tris77"]
[Result "1/2-1/2"]
[ECO "B95"]
[WhiteElo "2510"]
[BlackElo "2443"]
[WhiteEngine "BrainFish 130117_CTG"]
[BlackEngine "Raubfisch X37b_CTG"]
[EventType "Round Robin"]
[WhiteTeam ""]
[BlackTeam ""]
[PlyCount "65"]
[TimeControl "180+1"]

1. e4 c5 2. Nf3 d6 3. d4 cxd4 4. Nxd4 Nf6 5. Nc3 a6 6. Bg5 e6 7. Qf3 Nbd7 
8. O-O-O Be7 9. g4 h6 10. Qh3 b5 11. Nc6 Qc7 12. Nxe7 Kxe7 13. Bxf6+ gxf6 
14. Bg2 b4 15. Ne2 Bb7 16. Nd4 Qb6 17. Rd2 a5 18. Rhd1 a4 19. f4 a3 20. b3 Rac8 
21. e5 fxe5 22. fxe5 Nxe5 23. Qh4+ Ke8 24. Nb5 Bd5 25. Bxd5 Qxb5 26. Be4 Rd8 
27. Qf6 Rg8 28. Rxd6 Rxd6 29. Rxd6 Nd7 30. Qf4 Ne5 31. Qf6 Nd7 32. Qf4 Ne5 
33. Qf6 1/2-1/2

[Event "Friday Night Double Round Robin 3m+1s Starts at 2200hrs ST NO LATE JOINS POSS"]
[Site "Infinity Chess"]
[Date "2018.1.20"]
[Round "17"]
[White "ocirema"]
[Black "Dovahkiin"]
[Result "1/2-1/2"]
[ECO "B90"]
[WhiteElo "2472"]
[BlackElo "2439"]
[WhiteEngine "stockfish_18011309_x64_modern_CTG"]
[BlackEngine "corchess_x64_modern_CTG"]
[EventType "Round Robin"]
[WhiteTeam ""]
[BlackTeam ""]
[PlyCount "88"]
[TimeControl "180+1"]

1. e4 c5 2. Nf3 d6 3. d4 cxd4 4. Nxd4 Nf6 5. Nc3 a6 6. Be3 e5 7. Nb3 Be6 
8. f3 h5 9. Be2 Nbd7 10. Nd5 Bxd5 11. exd5 g6 12. Qd2 Bg7 13. O-O b6 14. c4 O-O 
15. Rad1 Re8 16. h3 Qc7 17. Kh1 Nc5 18. Nxc5 bxc5 19. Rde1 a5 20. Qc2 a4 
21. Bd3 Rab8 22. Bc1 Qe7 23. Qf2 Qd7 24. Kh2 Rb4 25. Qd2 Qe7 26. Qd1 h4 
27. f4 e4 28. a3 Rbb8 29. Bc2 Nh5 30. Rxe4 Qf6 31. Rxe8+ Rxe8 32. Bxa4 Re4 
33. Bc2 Rd4 34. Qe1 Bh6 35. b3 Rxf4 36. Rxf4 Bxf4+ 37. Bxf4 Qxf4+ 38. Kg1 Qf6 
39. a4 Qb2 40. Bd1 Qd4+ 41. Kh2 Qf4+ 42. Kg1 Qd4+ 43. Kh2 Qf4+ 44. Kg1 Qd4+ 
1/2-1/2

[Event "Friday Night Double Round Robin 3m+1s Starts at 2200hrs ST NO LATE JOINS POSS"]
[Site "Infinity Chess"]
[Date "2018.1.20"]
[Round "17"]
[White "sg13040"]
[Black "KULLANI"]
[Result "1/2-1/2 "]
[ECO "C53"]
[WhiteElo "2463"]
[BlackElo "2464"]
[WhiteEngine "asmFishW_2018-01-14_popcnt"]
[BlackEngine "BrainFish_180113_x64_CTG"]
[EventType "Round Robin"]
[WhiteTeam ""]
[BlackTeam ""]
[PlyCount "166"]
[TimeControl "180+1"]

1. e4 e5 2. Nf3 Nc6 3. Bc4 Bc5 4. c3 Nf6 5. d4 exd4 6. e5 d5 7. Bb5 Ne4 
8. cxd4 Bb6 9. O-O O-O 10. h3 f6 11. Nc3 fxe5 12. Bxc6 bxc6 13. Nxe4 dxe4 
14. Qb3+ Qd5 15. Nxe5 Qxb3 16. axb3 Bxd4 17. Nxc6 Bf6 18. Ra5 a6 19. Bg5 Bxb2 
20. Rb1 Bf6 21. Rd1 Bb7 22. Ne7+ Bxe7 23. Bxe7 Rf7 24. Rd7 Re8 25. Re5 Rc8 
26. Rd4 h6 27. b4 Kh7 28. Bh4 c5 29. bxc5 a5 30. Ra4 Ra8 31. c6 Bxc6 
32. Raxa5 Rxa5 33. Rxa5 Rd7 34. Ra2 g5 35. Bg3 Rd1+ 36. Kh2 Re1 37. Rc2 Bd5 
38. Rd2 Bf7 39. Rd7 Kg6 40. Rd6+ Kh7 41. Rd7 Kg6 42. f3 Re2 43. fxe4 Rxe4 
44. Rd6+ Kh7 45. Rd7 Kg7 46. Bf2 Kg6 47. Rd6+ Be6 48. g4 h5 49. gxh5+ Kh6 
50. Kg1 Kxh5 51. Kg2 Bf5 52. Rf6 Bc8 53. Kg3 Rh4 54. Be3 Rxh3+ 55. Kf2 Bg4 
56. Rf8 Kh4 57. Bxg5+ Kxg5 58. Rb8 Bd7 59. Ke2 Bc6 60. Rb4 Ra3 61. Kd2 Kf5 
62. Rc4 Bd5 63. Rc3 Ra8 64. Ke3 Ke5 65. Kd3 Rh8 66. Kd2 Rh2+ 67. Ke3 Rh3+ 
68. Kd2 Rh2+ 69. Ke3 Ra2 70. Rd3 Rg2 71. Rc3 Rh2 72. Rd3 Bc4 73. Rc3 Rh4 
74. Kf2 Kd4 75. Kg3 Rh1 76. Ra3 Ke4 77. Ra4 Rc1 78. Kg4 Ke5 79. Ra3 Bd5 
80. Re3+ Be4 81. Rg3 Rc2 82. Kg5 Rc1 83. Kg4 Bf5+ 1/2-1/2

[Event "Friday Night Double Round Robin 3m+1s Starts at 2200hrs ST NO LATE JOINS POSS"]
[Site "Infinity Chess"]
[Date "2018.1.20"]
[Round "17"]
[White "star99"]
[Black "OlivierEvan"]
[Result "1/2-1/2"]
[ECO "E10"]
[WhiteElo "2460"]
[BlackElo "2400"]
[WhiteEngine "Cryptic AIL V1"]
[BlackEngine "Houdini 6"]
[EventType "Round Robin"]
[WhiteTeam ""]
[BlackTeam ""]
[PlyCount "115"]
[TimeControl "180+1"]

1. d4 Nf6 2. c4 e6 3. Nf3 d5 4. Nc3 c6 5. Bg5 h6 6. Bh4 dxc4 7. e4 g5 8. Bg3 b5 
9. Ne5 Nbd7 10. Nxc6 Qb6 11. d5 a6 12. Be2 Bb7 13. a4 Bg7 14. O-O O-O 
15. Bd6 Bxc6 16. dxc6 Qxc6 17. e5 Nd5 18. Bxf8 Rxf8 19. Nxd5 exd5 20. Bf3 Bxe5 
21. Bxd5 Qc7 22. axb5 axb5 23. Qc2 Kg7 24. g3 Nc5 25. Rad1 Bf6 26. Bf3 Nb3 
27. Bh5 Re8 28. Qf5 Nd4 29. Qg4 Qa7 30. Rfe1 Rxe1+ 31. Rxe1 b4 32. Qc8 c3 
33. bxc3 bxc3 34. Rc1 c2 35. Rxc2 Nxc2 36. Qxc2 Bd4 37. Kg2 Qb7+ 38. Bf3 Qb2 
39. Be4 Qxc2 40. Bxc2 g4 41. Bf5 h5 42. f3 gxf3+ 43. Kxf3 Kf6 44. Bc2 Be5 
45. Be4 Bc7 46. h4 Ke6 47. Kg2 Kf6 48. Kf3 Bb6 49. Bd3 Bd4 50. Bb1 Bb2 
51. Kf4 Be5+ 52. Kf3 Bb2 53. Bd3 Bd4 54. Be4 Kg7 55. Bf5 Bb6 56. Bd3 Bc7 
57. g4 hxg4+ 58. Kxg4 1/2-1/2